 Dungeon Crawl Stone Soup version 0.24.0-13-gcf9b319 (webtiles) character file.

Game seed: 1795186755279946909, levelgen mode: deterministic

585 Bronimir the Poker (level 7, 0/57 HPs)
             Began as a Centaur Gladiator on Apr 22, 2020.
             Slain by hawla's ghost (10 damage)
             ... on level 4 of the Dungeon.
             The game lasted 00:07:41 (4428 turns).

Bronimir the Poker (Centaur Gladiator)              Turns: 4428, Time: 00:07:42

Health: 0/57       AC:  8    Str: 18    XL:     7   Next: 15%
Magic:  7/7        EV:  9    Int:  7    God:
Gold:   252        SH:  0    Dex: 11    Spells: 6/6 levels left

rFire    . . .     SeeInvis .   a - +0 scythe
rCold    . . .     Gourm    .   (shield currently unavailable)
rNeg     . . .     Faith    .   v - +0 ring mail
rPois    .         Spirit   .   c - +1 helmet
rElec    .         Reflect  .   (no cloak)
rCorr    .         Harm     .   (no gloves)
MR       .....                  (no barding)
Stlth    ..........             (no amulet)
HPRegen  0.19/turn              j - +1 ring of slaying
MPRegen  0.10/turn              (no ring)

@: very quick
A: large, hooves 3, deformed body, speed 2, tough skin 3
a: no special abilities


You were on level 4 of the Dungeon.
You were hungry.

You visited 1 branch of the dungeon, and saw 4 of its levels.

You collected 252 gold pieces.

Inventory:

Hand Weapons
 a - a +0 scythe (weapon)
 b - a +0 hunting sling
 q - a +0 trident
Missiles
 d - 3 throwing nets (quivered)
 e - 184 stones
 h - 36 bolts
 o - 43 sling bullets
Armour
 c - a +1 helmet (worn)
 v - a +0 ring mail (worn)
 x - a +0 leather armour
Jewellery
 j - a +1 ring of slaying (left hand)
Scrolls
 g - 2 scrolls of identify
 i - 4 scrolls of remove curse
 k - 4 scrolls of teleportation
 n - a scroll of blinking
 u - 2 scrolls of immolation
 w - a scroll of enchant armour
Potions
 l - a potion of lignification {unknown}
 m - a potion of curing {unknown}
 p - a potion of magic {unknown}
 r - a potion of flight
 s - a potion of haste
Comestibles
 f - 5 rations
 t - 2 chunks of flesh


   Skills:
 * Level 3.1 Fighting
 * Level 5.2 Polearms
 + Level 2.6 Throwing
 * Level 2.4 Armour
 * Level 3.3 Dodging
 + Level 0.3 Stealth


You had 6 spell levels left.
You didn't know any spells.
Your spell library was empty.

Dungeon Overview and Level Annotations

Branches:
Dungeon (4/15)
 Temple: D:4-7

Altars:
Elyvilon

Annotations:
D:4 hawla's ghost, novice OpVM


Innate Abilities, Weirdness & Mutations

You have hooves in place of feet.
Armour fits poorly on your strangely shaped body.
You cover ground very quickly.
You have extremely tough skin. (AC +3)


Message History

Hawla's ghost says, "You will join me soon!"
Hawla's ghost hits you but does no damage.
Hawla's ghost hits you.
You hit hawla's ghost. Your kick misses hawla's ghost.
Hawla's ghost is severely damaged.
The phantom blinks!
Hawla's ghost hits you.
* * * LOW HITPOINT WARNING * * *
You hit hawla's ghost. Your kick misses hawla's ghost.
Hawla's ghost is severely damaged.
Hawla's ghost barely misses you.
The phantom blinks!
Hawla's ghost hits you but does no damage.
You closely miss hawla's ghost.
Hawla's ghost is severely damaged.
Hawla's ghost hits you!
* * * LOW HITPOINT WARNING * * *
Hawla's ghost hits you but does no damage.
You barely miss hawla's ghost. You kick hawla's ghost.
Hawla's ghost is severely damaged.
Hawla's ghost hits you!
You die...

.# ## ♣.. ... # ######
.<. # ##....# ##.#
#######...#.# #?.##
<...).......# #...##
.######...#[# #..#######
.# ##.##)# #@W≈≈≈≈?≈
.#######.##.####.#######
.........##..........#
.#######.##..........#
.# #.#########.W.# ##
#.# ...# ###### #.# ..##
.....# #.# ..# .....#
... .#


You could see a phantom and hawla's ghost.

Vanquished Creatures
  Sigmund (D:2)
  A scorpion (D:3)
  A hound (D:4)
  3 orc priests
  Jessica (D:2)
  A bullfrog skeleton (D:4)
  3 orc wizards
  A worker ant (D:4)
  3 adders
  2 oozes
  4 worms
  A dart slug (D:2)
  A leopard gecko (D:1)
  10 orcs
  A giant cockroach (D:3)
  2 goblins
  5 hobgoblins
  4 jackals (D:2)
  5 kobolds
  10 bats
  3 frilled lizards
  8 rats
71 creatures vanquished.

Notes
Turn   | Place    | Note
-------+----------+-------------------------------------------
     0 | D:1      | Bronimir the Centaur Gladiator began the quest for the Orb.
     0 | D:1      | Reached XP level 1. HP: 17/17 MP: 1/1
   180 | D:1      | Reached skill level 3 in Polearms
   180 | D:1      | Reached XP level 2. HP: 22/24 MP: 2/2
   817 | D:2      | Reached XP level 3. HP: 29/29 MP: 3/3
   848 | D:2      | Noticed Jessica
   849 | D:2      | Noticed Sigmund
   885 | D:2      | Killed Jessica
  1171 | D:2      | HP: 1/29 [something (8)]
  1176 | D:2      | HP: 1/29 [fell downstairs (1)]
  2075 | D:2      | Killed Sigmund
  2075 | D:2      | Reached skill level 4 in Polearms
  2075 | D:2      | Reached skill level 1 in Armour
  2075 | D:2      | Reached XP level 4. HP: 37/37 MP: 4/4
  2075 | D:2      | Reached XP level 5. HP: 42/42 MP: 5/5
  2616 | D:3      | Found a white marble altar of Elyvilon.
  2993 | D:3      | Reached XP level 6. HP: 32/50 MP: 6/6
  3922 | D:4      | Reached skill level 5 in Polearms
  4160 | D:4      | Reached XP level 7. HP: 43/57 MP: 7/7
  4406 | D:4      | Found a runed translucent door.
  4406 | D:4      | Noticed hawla's ghost (novice OpVM)
  4428 | D:4      | Slain by hawla's ghost

Levels and vault maps discovered:
D:1:      dpeg_arrival_ratfight, layout_basic, bh_walls_and_bars
D:2:      layout_rooms, minmay_statues_item, uniq_jessica, uniq_sigmund
D:3:      layout_loops_ring, elyvilon_altar_1
D:4:      layout_loops_ring, grunt_temple_overflow_bloody_war,
          nicolae_gozag_cash_rules_everything_around_me,
          overflow_temple_1_default, ebering_ghost_sewer_d, serial_forest,
          infiniplex_forest_clump_medium, infiniplex_forest_lined_corner,
          infiniplex_forest_zigzag_2, infiniplex_forest_clump_long,
          uniq_menkaure

Skill      XL: |  1  2  3  4  5  6 |
---------------+-------------------+-----
Polearms       | 3 4 5 |  5.2
Armour         | 1 2 |  2.4
Dodging        | 3 |  3.3
Fighting       | 3 |  3.1
Throwing       | |  2.6
Stealth        | |  0.3

Action                   |  1- 3 |  4- 6 |  7- 9 || total
-------------------------+-------+-------+-------++-------
Melee: Trident           |    68 |       |       ||    68
       Kick              |     6 |    32 |     6 ||    44
       Scythe            |       |   120 |    27 ||   147
 Fire: Hunting sling     |       |     3 |       ||     3
Throw: Throwing net      |     2 |       |       ||     2
  Use: Scroll            |       |     7 |       ||     7
       Potion            |       |     3 |       ||     3
 Stab: Held in net/web   |     1 |       |       ||     1
  Eat: Chunk             |     1 |     8 |       ||     9
Armor: Leather armour    |    19 |     1 |       ||    20
       Ring mail         |       |   112 |    19 ||   131
Dodge: Dodged            |    21 |    85 |    18 ||   124
